 Dungeon Crawl Stone Soup version 0.16-a0-3699-g1c51eb1 (webtiles) character file.

153 Gorice the Slasher (level 4, -9/35 HPs)
             Began as a Demigod Wanderer on Jan 18, 2015.
             Mangled by Menkaure (15 damage)
             ... on level 4 of the Dungeon.
             The game lasted 00:18:49 (2705 turns).

Gorice the Slasher (Demigod Wanderer)               Turns: 2705, Time: 00:18:49

Health: -9/35      AC:  8    Str: 18    XL:     4   Next: 88%
Magic:  7/7        EV:  7    Int: 13    God:
Gold:   149        SH:  0    Dex: 17    Spells: 0 memorised, 3 levels left

rFire  + + .     SeeInvis .     a - +2 falchion
rCold  . . .     Clarity  .     w - +0 chain mail
rNeg   . . .     SustAb   +     (no shield)
rPois  .         Gourm    .     (no helmet)
rElec  .         Spirit   .     (no cloak)
rCorr  .         Warding  .     (no gloves)
rMut   .         Stasis   .     (no boots)
MR     .....                    x - amulet of inaccuracy (curse)
Stlth  ..........               i - ring of protection from fire
                                h - ring of protection from fire

@: not resistant to hostile enchantments, extremely unstealthy
A: sustain abilities
a: no special abilities


You were on level 4 of the Dungeon.
You were not hungry.

You visited 1 branch of the dungeon, and saw 4 of its levels.

You collected 149 gold pieces.

Inventory:

Hand weapons
 a - a +2 falchion (weapon)
 b - a +0 hunting sling
 e - a +0 dagger
 m - a +0 halberd
Missiles
 l - 17 bolts of penetration
 q - 7 poisoned bolts
 r - 25 sling bullets
 Z - 98 stones (quivered)
Armour
 d - a +0 robe
 w - a +0 chain mail (worn)
Jewellery
 h - a ring of protection from fire (left hand)
 i - a ring of protection from fire (right hand)
 x - a cursed amulet of inaccuracy (around neck)
Scrolls
 j - a scroll of fog
 s - 3 scrolls of identify
 t - a scroll of immolation
Potions
 c - a potion of cancellation
 g - 5 potions of curing
 k - 2 potions of heal wounds
 p - a potion of agility
Comestibles
 f - 3 bread rations
 n - 2 meat rations


   Skills:
 - Level 1.0 Fighting
 * Level 4.5 Long Blades
   Level 1.0 Maces & Flails
 + Level 2.4 Armour
 - Level 1.0 Dodging
 - Level 2.6 Stealth


You had 3 spell levels left.
You didn't know any spells.

Dungeon Overview and Level Annotations

Branches:
Dungeon (4/15)
 Temple: D:4-7

Annotations:
D:3 Sigmund
D:4 Menkaure


Innate Abilities, Weirdness & Mutations

Your attributes are resistant to harm.


Message History

Menkaure, Prince of Dust comes into view.
Menkaure shouts!
Found 19 sling bullets.
A jackal skeleton comes into view.
Your chain mail prevents you from hitting Menkaure.
Menkaure calls on the powers of darkness!
Your body is wracked with pain!
A giant gecko comes into view.
You hit Menkaure.
Menkaure is lightly damaged.
You closely miss Menkaure.
Menkaure is lightly damaged.
Menkaure gestures wildly while chanting.
Menkaure seems to speed up.
You hit Menkaure.
Menkaure is moderately damaged.
Menkaure hits you!
* * * LOW HITPOINT WARNING * * *
Menkaure hits you!
You die...

#########.
#<........
###.#######.#
#....@Ml.(..#
#.#.#.Z##.#.#
#.#....... #
#.#..##...
#.#..# ##
..#...
####.### #.#
#.#


You could see Menkaure, a giant gecko and a jackal skeleton.

Vanquished Creatures
  An orc wizard (D:2)
  Ijyb (D:2)
  4 gnolls
  An adder (D:2)
  A worm (D:2)
  An adder skeleton (D:3)
  An ooze (D:1)
  3 orcs
  A giant cockroach (D:1)
  8 hobgoblins
  A quokka (D:3)
  6 bats
  2 giant newts
  9 goblins
  2 jackals (D:2)
  10 kobolds
  A rat (D:2)
53 creatures vanquished.

Notes
Turn   | Place    | Note
--------------------------------------------------------------
     0 | D:1      | Gorice, the Demigod Wanderer, began the quest for the Orb.
     0 | D:1      | Gorice set off with: a +2 falchion, a potion of curing, a potion of lignification, a +0 robe, a +0 dagger, a bread ration
     0 | D:1      | Reached XP level 1. HP: 16/16 MP: 2/2
    33 | D:1      | Reached skill level 2 in Long Blades
   179 | D:1      | Reached XP level 2. HP: 20/23 MP: 3/3
   680 | D:2      | Reached skill level 3 in Long Blades
   908 | D:2      | Reached XP level 3. HP: 28/28 MP: 5/5
  1366 | D:2      | Reached skill level 2 in Armour
  1731 | D:3      | Reached XP level 4. HP: 35/35 MP: 7/7
  1786 | D:3      | Reached skill level 4 in Long Blades
  1874 | D:3      | Found a sacrificial altar of Ru.
  2352 | D:3      | Noticed Ijyb
  2354 | D:3      | Noticed Sigmund
  2409 | D:2      | Killed Ijyb
  2698 | D:4      | Noticed Menkaure
  2705 | D:4      | Mangled by Menkaure

Action                   |  1- 3 |  4- 6 || total
-------------------------+-------+-------++-------
Melee: Falchion          |   134 |    60 ||   194
 Fire: Hunting sling     |    16 |    13 ||    29
  Use: Scroll            |     9 |     2 ||    11
       Potion            |     1 |     1 ||     2
 Stab: Sleeping          |     2 |       ||     2
  Eat: Chunk             |     3 |     3 ||     6

Table legend:
 A = Turns spent in this place as a percentage of turns spent in the entire game.
 B = Non-inter-level travel turns spent in this place as a percentage of non-inter-level travel turns spent in the entire game.
 C = Inter-level travel turns spent in this place as a percentage of turns spent in this place.
 D = Turns resting spent in this place as a percentage of non-inter-level travel turns spent in this place.
 E = Turns spent auto-exploring this place as a percentage of non-inter-level travel turns spent in this place.
 F = Non-inter-level travel turns spent in this place divided by the number of levels of this place that you've seen.
                   A       B       C       D       E      F
               +-------+-------+-------+-------+-------+----------------------
         Total | 100.0 | 100.0 |   0.5 |   1.3 |   4.8 | 278.5
       Dungeon | 100.0 | 100.0 |   0.5 |   1.3 |   4.8 | 278.5
               +-------+-------+-------+-------+-------+----------------------

Vault maps used:
D:1:      tarquinn_simple_flora_water_f
D:3:      serial_park_square1, nicolae_ru_the_path_less_chosen, uniq_sigmund,
          uniq_iyjb
D:4:      overflow_temple_1_default, first_bread, gup_sewer_entry_bubbles,
          serial_bayou_lake_a, uniq_menkaure
